 Dungeon Crawl Stone Soup version 0.26-a0-591-g04f19ec95a (webtiles) character file.

Game seed: 14747088800262884430

165 Descartes the Chucker (level 5, -3/50 HPs)
             Began as a Troll Hunter on Aug 24, 2020.
             Slain by an orc
             ... wielding a +0 whip
              (4 damage)
             ... on level 4 of the Dungeon.
             The game lasted 00:03:35 (1864 turns).

Descartes the Chucker (Troll Hunter)                Turns: 1864, Time: 00:03:36

Health: -3/50      AC:  6    Str: 21    XL:     5   Next: 21%
Magic:  4/4        EV: 10    Int:  7    God:
Gold:   173        SH:  5    Dex: 10    Spells: 4/4 levels left

rFire    . . .     SeeInvis .     - Unarmed
rCold    . . .     Faith    .   (no shield)
rNeg     . . .     Spirit   .   b - +0 robe
rPois    +         Reflect  +   (helmet restricted)
rElec    .         Harm     .   (no cloak)
rCorr    .                      (gloves unavailable)
MR       .....                  (boots unavailable)
Stlth    +.........             w - amulet of reflection
HPRegen  0.56/turn              f - ring of poison resistance
MPRegen  0.09/turn              (no ring)

@: lethally poisoned (-3 -> -4)
A: large, unfitting armour, claws 3, regeneration 1, shaggy fur 1, tough skin 3
a: no special abilities


You were on level 4 of the Dungeon.
You visited 1 branch of the dungeon, and saw 4 of its levels.

You collected 173 gold pieces.

Inventory:

Missiles
 a - 150 stones
 c - 5 large rocks (quivered)
 d - 2 throwing nets
 g - 49 bolts
 n - 52 arrows
 r - 3 curare-tipped darts
 u - 22 sling bullets
Armour
 b - a +0 robe (worn)
Jewellery
 f - a ring of poison resistance (left claw)
 k - an uncursed amulet of the acrobat
 w - an amulet of reflection (around neck)
Scrolls
 e - 7 scrolls of identify {unknown}
 h - 2 scrolls of teleportation {unknown}
 j - 2 scrolls of amnesia {unknown}
 l - a scroll of enchant armour {unknown}
 p - a scroll of fog {unknown}
 t - a scroll of immolation {unknown}
 v - a scroll of enchant weapon {unknown}
Potions
 i - a potion of stabbing {unknown}
 m - 2 potions of ambrosia {unknown}
 o - a potion of flight {unknown}
 q - a potion of heal wounds {unknown}
 s - a potion of curing {unknown}


   Skills:
 + Level 2.3 Fighting
 + Level 4.2 Throwing
 + Level 2.4 Dodging
 + Level 1.2 Stealth
 + Level 2.0 Unarmed Combat


You had 4 spell levels left.
You didn't know any spells.
Your spell library was empty.

Dungeon Overview and Level Annotations

Branches:
Dungeon (4/15)
 Temple: D:4-7

Altars:
Sif Muna
Trog
Wu Jian

Shops:
D:4 :


Innate Abilities, Weirdness & Mutations

You are too large for most types of armour.
You have claws for hands.
Your natural rate of healing is unusually fast.
You are covered in fur. (AC +1)
You have extremely tough skin. (AC +3)


Message History

The orc wizard hits you but does no damage.
You barely miss the orc.
You feel sick.
The orc wizard hits you but does no damage.
The orc closely misses you.
The scorpion stings you but does no damage.
The orc hits you but does no damage. You block the orc's attack.
You scratch the orc but do no damage.
You feel sick.
The orc wizard points at you and mumbles some strange words.
The puff of frost hits you!
* * * LOW HITPOINT WARNING * * *
The orc barely misses you. The scorpion closely misses you.
The orc closely misses you. You block the orc wizard's attack.
You scratch the orc.
The orc is heavily wounded.
The orc hits you with a +0 flail.
* * * LOW HITPOINT WARNING * * *
The orc wizard barely misses you.
The orc grunts loudly.
The orc hits you with a +0 whip.
You die...

#.......##.#
.........#.##
......[..... .!........
#?......#
####...Z..######### ###
...(..ooo......... ...)
#....ls@o........##....
.##..........#####.≈≈≈...
..<..............≈≈≈≈≈..
.
##........##.###.≈≈∩)...
.#...#...)##...†..≈≈≈≈≈..
.............####.#≈≈≈...
#..#..#########..# ...
#.....# #....#..# .
#.....#####....##.#


You could see a scorpion, an orc wizard (fast), 3 orcs, a frilled lizard and a
water moccasin skeleton.

Vanquished Creatures
  A hound (D:4)
  5 adders
  3 worms
  2 dart slugs (D:1)
  2 leopard geckos
  2 orcs
  5 bats
  5 giant cockroaches
  14 goblins
  5 hobgoblins
  6 jackals (D:1)
  3 ball pythons
  3 frilled lizards
  A jackal skeleton (D:3)
  3 kobolds
  A leopard gecko zombie (D:3)
  A quokka zombie (D:3)
  12 rats
74 creatures vanquished.

Vanquished Creatures (others)
  6 plants (D:1)
6 creatures vanquished.

Grand Total: 80 creatures vanquished

Notes
Turn   | Place    | Note
-------+----------+-------------------------------------------
     0 | D:1      | Descartes the Troll Hunter began the quest for the Orb.
     0 | D:1      | Reached XP level 1. HP: 19/19 MP: 0/0
    39 | D:1      | Reached XP level 2. HP: 27/28 MP: 1/1
   513 | D:1      | Reached skill level 1 in Unarmed Combat
   559 | D:1      | Reached XP level 3. HP: 35/35 MP: 2/2
   981 | D:2      | Reached skill level 1 in Stealth
  1300 | D:3      | Reached XP level 4. HP: 42/42 MP: 3/3
  1310 | D:3      | Reached skill level 4 in Throwing
  1527 | D:3      | Found an ornate altar of the Wu Jian Council.
  1570 | D:3      | Noticed a moth of wrath
  1573 | D:3      | Found a bloodstained altar of Trog.
  1722 | D:3      | Found a shimmering blue altar of Sif Muna.
  1826 | D:4      | Found Xetzaiku's Book Shoppe.
  1854 | D:4      | Reached XP level 5. HP: 48/50 MP: 4/4
  1864 | D:4      | HP: 1/50 [orc/+0 flail (5)]
  1864 | D:4      | Slain by an orc

Illustrated notes

Levels and vault maps discovered:
D:1:      giann_bridges, layout_loops_cross, serial_forest,
          infiniplex_forest_lined_3_way, infiniplex_forest_clump_tiny,
          infiniplex_forest_end_3, infiniplex_forest_straight_2,
          infiniplex_forest_end_3
D:2:      layout_rooms, patterned_corridor
D:3:      layout_rooms, old_standard_altar, tgw_trog,
          nicolae_overflow_hidden_temple, serial_undead, serial_undead_c,
          serial_undead_c, serial_undead_a, serial_undead_a
D:4:      layout_rooms, serial_shops, shop, nicolae_shop_waterfront, shop,
          nicolae_shop_trees

Skill      XL: |  1  2  3  4 |
---------------+-------------+-----
Unarmed Combat | 1 2 |  2.0
Dodging        | 2 |  2.4
Fighting       | 2 |  2.3
Stealth        | 1 |  1.2
Throwing       | 4 |  4.2

Action                   |  1- 3 |  4- 6 || total
-------------------------+-------+-------++-------
Melee: Unarmed           |   126 |    86 ||   212
       Punch             |     2 |       ||     2
 Stab: Distracted        |       |     1 ||     1
       Sleeping          |       |     1 ||     1
Armor: Robe              |    46 |    40 ||    86
Dodge: Dodged            |    62 |    70 ||   132
Block: Other             |       |    11 ||    11

Table legend: (Time is in decaauts)
 A = Elapsed time spent in this place.
 B = Non-inter-level travel time spent in this place.
 C = Inter-level travel time spent in this place.
 D = Time resting spent in this place.
 E = Time spent auto-exploring this place.
 F = Levels seen in this place.
 G = Mean time per level.
                   A        B        C        D        E       F      G
               +--------+--------+--------+--------+--------+-----+--------+
         Total |   1864 |   1756 |    108 |      0 |   1318 |   4 |  466.0 |
       Dungeon |   1864 |   1756 |    108 |      0 |   1318 |   4 |  466.0 |
               +--------+--------+--------+--------+--------+-----+--------+

Top non-repeatable levels by time:
     D:1: 792 daAuts
     D:3: 510 daAuts
     D:2: 493 daAuts
     D:4: 67 daAuts
